 Dungeon Crawl Stone Soup version 0.23.0-28-g6fe0f4d (webtiles) character file.

Game seed: 7336076920487663584

370 misha the Poker (level 6, 0/50 HPs)
             Began as a Merfolk Berserker on Feb 24, 2019.
             Was a Priest of Trog.
             Killed from afar by an orc wizard (7 damage)
             ... with a puff of flame
             ... on level 4 of the Dungeon on Feb 25, 2019.
             The game lasted 00:12:23 (2954 turns).

misha the Poker (Merfolk Berserker)                 Turns: 2954, Time: 00:12:23

Health: 0/50       AC:  7    Str: 19    XL:     6   Next: 70%
Magic:  6/6        EV: 13    Int:  7    God:    Trog [***...]
Gold:   208        SH:  0    Dex: 13    Spells: 5/5 levels left

rFire    . . .     SeeInvis .   b - +2 spear (pierce)
rCold    . . .     Gourm    .   (no shield)
rNeg     . . .     Faith    .   d - +0 ring mail
rPois    .         Spirit   .   q - +0 helmet
rElec    .         Reflect  .   (no cloak)
rCorr    .         Harm     .   p - +0 pair of gloves
MR       .....                  (no boots)
Stlth    ..........             (no amulet)
HPRegen  0.16/turn              (no ring)
MPRegen  0.10/turn              (no ring)

@: confused, berserk cooldown, starving, slowed, very slow
A: change form in water, swift swim, stealthy swim
a: Berserk, Trog's Hand, Renounce Religion


You were on level 4 of the Dungeon.
You worshipped Trog.
Trog was most pleased with you.
You were starving.

You visited 1 branch of the dungeon, and saw 4 of its levels.

You collected 208 gold pieces.

Inventory:

Hand Weapons
 a - a +0 spear
 b - a +2 spear of piercing (weapon)
 y - a +2 flail of holy wrath
Missiles
 h - 207 stones (quivered)
 i - 9 poisoned needles
 x - 2 throwing nets
Armour
 d - a +0 ring mail (worn)
 p - a +0 pair of gloves (worn)
 q - a +0 helmet (worn)
 s - a +0 animal skin
Magical Staves
 l - an uncursed staff of wizardry
Jewellery
 o - a +3 ring of slaying {unknown}
 u - an uncursed amulet of rage {unknown}
Scrolls
 e - 3 scrolls of identify
 f - a scroll of enchant weapon {unknown}
 k - 3 scrolls of teleportation
 m - 2 scrolls of remove curse {unknown}
 n - 2 scrolls of enchant armour {unknown}
 v - 2 scrolls of magic mapping {unknown}
 w - a scroll of random uselessness {unknown}
Potions
 g - a potion of flight
 j - a potion of haste {unknown}
 r - a potion of curing {unknown}
 t - a potion of cancellation {unknown}
Comestibles
 c - 12 rations


   Skills:
 + Level 4.8 Fighting
 + Level 6.6 Polearms
 - Level 1.4 Armour
 + Level 5.0 Dodging
 + Level 3.5 Stealth


You had 5 spell levels left.
You didn't know any spells.
Your spell library was empty.

Dungeon Overview and Level Annotations

Branches:
Dungeon (4/15)             Temple (0/1) D:4

Altars:
Nemelex Xobeh


Message History

* * * LOW HITPOINT WARNING * * *
You barely miss something. Something hits you but does no damage.
Something hits you.
* * * LOW HITPOINT WARNING * * *
You hit something.
You hear some strange, mumbled words.
You are confused.
Okay, then.
Okay, then.
You're too confused!
You're too confused!
You're too confused!
You're too confused!
You're too confused!
You miss something. Something hits you but does no damage.
An orc wizard appears from thin air!
Reactivating autopickup.
The orc wizard casts a spell at you. The puff of flame hits you!
You die...

.....#...#..)##...#..
############.#..#).##..#..#
##...........oo...#....#....
#....†......#.#....#..#.....
#.†########.#.#.##..##..##..
#..# ###.#.#.##..##..##..
#..# #...#.#....#..#.....
#..# #)o.......#....#....
#..######.†@#.#..#..##..#...
#...........#.#.#...##...#..
#.#########.#..#..........#.
#.# #.#.####.#.###.##. #.#
#.#.. .......... #.# #.##.
#########. #.# #.# .
########. #.# #.# .........
#.# .# #########


You could see an orc wizard.

Vanquished Creatures
  An orc warrior (D:4)
  A howler monkey (D:4)
  A hound (D:3)
  An orc wizard (D:4)
  A worker ant (D:4)
  2 adders (D:3)
  4 gnolls (D:3)
  An ooze (D:3)
  An adder skeleton (D:4)
  2 worms
  3 leopard geckos
  14 orcs
  2 ball pythons
  3 giant cockroaches
  2 hobgoblins
  5 jackals
  2 quokkas
  10 bats
  6 frilled lizards
  5 goblins
  6 kobolds
  4 rats
77 creatures vanquished.

Notes
Turn   | Place    | Note
-------+----------+-------------------------------------------
     0 | D:1      | misha the Merfolk Berserker began the quest for the Orb.
     0 | D:1      | Reached XP level 1. HP: 18/18 MP: 1/1
   133 | D:1      | Reached XP level 2. HP: 24/24 MP: 2/2
   410 | D:1      | Reached skill level 5 in Polearms
   676 | D:2      | Reached skill level 1 in Stealth
   681 | D:2      | Reached XP level 3. HP: 29/29 MP: 3/3
   716 | D:2      | Upgraded the game from 0.23.0-3-gf3c87f2 to
                  | 0.23.0-28-g6fe0f4d
   735 | D:2      | Reached ** piety under Trog
   786 | D:2      | Found a sparkling altar of Nemelex Xobeh.
  1470 | D:3      | Reached XP level 4. HP: 29/37 MP: 4/4
  1566 | D:3      | Reached XP level 5. HP: 42/42 MP: 5/5
  2284 | D:4      | Found a staircase to the Ecumenical Temple.
  2555 | D:4      | Reached skill level 6 in Polearms
  2760 | D:4      | Reached XP level 6. HP: 48/49 MP: 6/6
  2819 | D:4      | Reached *** piety under Trog
  2911 | D:4      | Noticed an orc warrior
  2932 | D:4      | Killed an orc warrior
  2932 | D:4      | Reached skill level 5 in Dodging
  2954 | D:4      | Killed from afar by an orc wizard

Skill      XL: |  1  2  3  4  5  6 |
---------------+-------------------+-----
Dodging        | 3 4 5 |  5.0
Polearms       | 5 6 |  6.6
Stealth        | 1 2 3 |  3.5
Fighting       | 4 |  4.8
Armour         | |  1.4

Action                   |  1- 3 |  4- 6 || total
-------------------------+-------+-------++-------
Melee: Spear             |   131 |   137 ||   268
       Staff             |    11 |       ||    11
Invok: Berserk           |       |     2 ||     2
       Trog's Hand       |       |     1 ||     1
  Use: Scroll            |     2 |       ||     2
 Stab: Sleeping          |       |     2 ||     2
  Eat: Chunk             |     1 |     6 ||     7
Armor: Ring mail         |    32 |    43 ||    75
Dodge: Dodged            |    75 |    55 ||   130
